 Dungeon Crawl Stone Soup version 0.29.1-1-gd02db6906a (webtiles) character file.

Game seed: 15537210356161142026

18 EliteSlayer the Shield-Bearer (level 2, 29/29 HPs)
             Began as a Troll Fighter on Sept 19, 2022.
             Quit the game on level 1 of the Dungeon.
             The game lasted 00:02:56 (129 turns).

EliteSlayer the Shield-Bearer (Troll Fighter)        Turns: 129, Time: 00:02:57

Health: 29/29      AC:  4    Str: 23    XL:     2   Next: 48%
Magic:  1/1        EV:  8    Int:  4    God:
Gold:   0          SH:  7    Dex:  9    Spells: 1/1 levels left

rFire   . . .      SeeInvis .     - Unarmed
rCold   . . .      Faith    .   b - +0 kite shield
rNeg    . . .      Spirit   .   a - +0 robe
rPois   .          Reflect  .   (helmet restricted)
rElec   .          Harm     .   (no cloak)
rCorr   .          Rampage  .   (gloves unavailable)
Will    .....                   (boots unavailable)
Stlth   +.........              (no amulet)
HPRegen 0.89/turn               (no ring)
MPRegen 0.07/turn               (no ring)

@: no status effects
A: large, unfitting armour, claws 3, regeneration 1, shaggy fur 1, tough skin 1
a: no special abilities


You were on level 1 of the Dungeon.
You visited 1 branch of the dungeon, and saw 1 of its levels.

Inventory:

Armour
 a - a +0 robe (worn)
 b - a +0 kite shield (worn)
Potions
 c - a potion of might


   Skills:
 + Level 2.6 Fighting
 + Level 2.7 Dodging
 + Level 3.0 Shields
 + Level 2.1 Unarmed Combat


You had one spell level left.
You didn't know any spells.
Your spell library was empty.

Dungeon Overview and Level Annotations

Branches:
Dungeon (1/15)

Altars:


Innate Abilities, Weirdness & Mutations

You are too large for most types of armour.
You have claws for hands.
Your natural rate of healing is unusually fast.
You are covered in fur. (AC +1)
You have tough skin. (AC +1)


Message History

You kill the ball python!
A quokka comes into view.
Found a stone staircase leading down.
The endoplasm hits you.
You scratch the endoplasm.
The endoplasm is moderately wounded.
You block the endoplasm's attack.
You scratch the endoplasm.
The endoplasm is heavily wounded.
The endoplasm hits you but does no damage.
You barely miss the endoplasm.
The endoplasm is heavily wounded.
The endoplasm barely misses you.
You claw the endoplasm!
You kill the endoplasm!
A quokka comes into view.
The quokka bites you.
You closely miss the quokka. You block the quokka's attack.
You closely miss the quokka. You block the quokka's attack.
You barely miss the quokka. The quokka bites you.
The quokka closely misses you.
The quokka bites you but does no damage.
You scratch the quokka.
The quokka is moderately wounded.
The quokka barely misses you. The quokka closely misses you.
You closely miss the quokka.
The quokka is moderately wounded.
The quokka bites you but does no damage.
The quokka barely misses you. The quokka bites you.
You barely miss the quokka.
The quokka is moderately wounded.
The quokka bites you. You block the quokka's attack.
The quokka closely misses you.
You scratch the quokka.
You kill the quokka!
The quokka bites you.
You closely miss the quokka. You block the quokka's attack.
You claw the quokka!
You kill the quokka!
Your Shields skill increases to level 3!
Are you sure you want to abandon this character and quit the game? (Confirm with "yes".)

# .# #. ... +......
#.#########... #......
#...........#.# #....[.
#..........##.# #......
#.........##..# #......
#.........)$..###......
#.....@...##...##......
#........##..#.........
##........#..##.........
#>......................
#.####.....####.........
# #....†# #.........
#.....# #.........
#.....# #.........
#.....# #.........


There were no monsters in sight!

Vanquished Creatures
  2 bats (D:1)
  2 endoplasms (D:1)
  3 goblins (D:1)
  2 hobgoblins (D:1)
  A kobold (D:1)
  2 quokkas (D:1)
  2 ball pythons (D:1)
  A rat (D:1)
15 creatures vanquished.

Notes
Turn   | Place    | Note
-------+----------+-------------------------------------------
     0 | D:1      | EliteSlayer the Troll Fighter began the quest for the Orb.
     0 | D:1      | Reached XP level 1. HP: 22/22 MP: 0/0
    55 | D:1      | Reached XP level 2. HP: 29/29 MP: 1/1
   129 | D:1      | Reached skill level 3 in Shields
   129 | D:1      | Quit the game

Illustrated notes

Levels and vault maps discovered:
D:1:      dpeg_arrival_tiny_a, layout_basic, serial_shops, nicolae_shop_crystal,
          dreamdust_ecumenical_altar_grove, minmay_pentomino_w2

Skill      XL: |  1  2 |
---------------+-------+-----
Shields        | 3 |  3.0
Fighting       | |  2.6
Dodging        | |  2.7
Unarmed Combat | |  2.1

Action                   || total
-------------------------++-------
Melee: Unarmed           ||    35
Armor: Robe              ||    19
Dodge: Dodged            ||    28
Block: Kite shield       ||    18
